AoeStats
← TheQuietRiot

Arabia

510117570Analyzed
1v1 RM · 2d ago on Sep 29, 2026· 47m 25s· 2 players
Game mode
Random Map
Map size
Tiny (2 player)
Population
200
Speed
Normal
Resources
Standard
Victory
Conquest
Starting age
Dark Age
Ending age
Imperial Age
RankedLock teamsTeams togetherTeam positionsShared explorationLock speedFull tech treeHidden civsTurbo modeCheats
Victory
Defeat
🇬🇧 Saxons · United Kingdom
958
+17
🇺🇸 Bengalis · United States
979
-17
TheQuietRiot
9:53 Feudal Age
8:24 Loom
10:23 Double-Bit Axe
17:56 Castle Age
17:01 Horse Collar
19:49 Bow Saw
19:51 Heavy Plow
23:03 Wheelbarrow
24:04 Pikeman
29:28 Gold Mining
29:28 Stone Mining
30:18 Squires
30:08 Arson
31:51 Gold Shaft Mining
32:27 Hand Cart
32:50 Forging
32:40 Scale Mail Armor
34:26 Gambesons
34:13 Clerical Recruitment
39:24 Imperial Age
37:36 Iron Casting
37:17 Chain Mail Armor
38:15 Town Watch
40:48 Plate Mail Armor
39:44 Capped Ram
41:16 Siege Ram
42:35 Conscription
42:09 Elite Hearth Troop
42:14 Shield Wall
44:09 Two-Man Saw
42:45 Halberdier
IdentifiedArcher
6:19 Loom
9:28 Feudal Age
16:34 Double-Bit Axe
19:11 Castle Age
17:33 Horse Collar
17:48 Fletching
20:44 Padded Archer Armor
22:16 Bodkin Arrow
28:46 Ballistics
28:42 Leather Archer Armor
28:37 Pikeman
30:26 Town Watch
31:20 Wheelbarrow
32:06 Squires
38:13 Town Patrol
38:28 Hand Cart
40:59 Imperial Age
41:07 Imperial Age
41:07 Bow Saw
40:58 Heavy Plow
41:02 Husbandry
40:39 Light Cavalry
41:30 Bloodlines
41:21 Husbandry
41:38 Halberdier
42:51 Ring Archer Armor
42:21 Bracer
42:55 Ring Archer Armor
42:36 Forging
42:26 Scale Mail Armor
Connection lost

Rejoining the realm…

Still unreachable

The connection could not be restored.

Session expired

The server has moved on; the page needs a fresh start.